 Dungeon Crawl Stone Soup version 0.19.5 (webtiles) character file.

53 Gargoyl the Skirmisher (level 3, -18/31 HPs)
             Began as a Ghoul Abyssal Knight on Apr 19, 2017.
             Was a Follower of Lugonu.
             Demolished by an ogre
             ... wielding a +0 giant spiked club
              (19 damage)
             ... on level 4 of the Dungeon.
             The game lasted 00:02:44 (1142 turns).

Gargoyl the Skirmisher (Ghoul Abyssal Knight)       Turns: 1142, Time: 00:02:44

Health: -18/31     AC: 11    Str: 15    XL:     3   Next: 89%
Magic:  3/3        EV:  4    Int:  7    God:    Lugonu [*.....]
Gold:   109        SH:  0    Dex:  9    Spells: 0 memorised, 2 levels left

rFire  . . .     SeeInvis .     a - +1 hand axe
rCold  + . .     Gourm    .     d - +0 plate armour
rNeg   + + +     Faith    .     (no shield)
rPois  ∞         Spirit   .     (no helmet)
rElec  .         Reflect  .     (no cloak)
rCorr  .         Harm     .     (no gloves)
MR     .....                    (no boots)
Stlth  ..........               (no amulet)
                                (no ring)
                                (no ring)

@: rotting
A: rotting body, claws 1, carnivore 3, cold resistance 1, negative energy
resistance 3, slow regeneration 1, torment resistance, unbreathing
a: Depart the Abyss, Renounce Religion


You were on level 4 of the Dungeon.
You worshipped Lugonu.
Lugonu was aware of your devotion.
You were not hungry.

You visited 1 branch of the dungeon, and saw 3 of its levels.
You visited the Abyss 1 time.

You collected 109 gold pieces.

Inventory:

Hand Weapons
 a - a +1 hand axe (weapon)
Armour
 d - a +0 plate armour (worn)
Wands
 f - a wand of slowing (20/48)
Scrolls
 b - 3 scrolls of identify
 h - a scroll of magic mapping {unknown}
Potions
 g - a potion of might {unknown}
 i - a potion of degeneration {unknown}
Comestibles
 c - 2 meat rations
 j - 14 chunks of flesh


   Skills:
 + Level 3.5 Fighting
 + Level 2.5 Axes
 * Level 2.5 Armour
 + Level 1.0 Dodging
 * Level 2.5 Invocations


You had 2 spell levels left.
You didn't know any spells.

Dungeon Overview and Level Annotations

Branches:
Dungeon (2/15)

Altars:


Innate Abilities, Weirdness & Mutations

Your body is rotting away.
You thrive on raw meat.
You are immune to poison.
You have sharp fingernails.
You are carnivorous and can eat meat at any time.
Your flesh is cold resistant. (rC+)
You are immune to negative energy. (rN+++)
You regenerate slowly when monsters are visible.
You are immune to unholy pain and torment.
You can survive without breathing.


Message History

You hit the ogre.
The ogre is lightly wounded.
The ogre hits you with a giant spiked club!
You hit the ogre.
The ogre is moderately wounded.
The ogre hits you with a giant spiked club!
You feel much better.
You slash the ogre!
The ogre is heavily wounded.
The ogre hits you with a giant spiked club!
You hit the ogre.
The ogre is severely wounded.
The ogre hits you with a giant spiked club!!
Ouch! That really hurt!
* * * LOW HITPOINT WARNING * * *
You barely miss the ogre.
The ogre is severely wounded.
The ogre hits you with a giant spiked club!!
Ouch! That really hurt!
You die...

#......?.#
+........#
####........#
............#
#..........#
#...Z....#
####Z#####
#O# #@# #.#
#.. ####


You could see an ogre, an adder skeleton and a howler monkey skeleton.

Vanquished Creatures
  An adder (D:2)
  2 worms (D:2)
  A dart slug (D:2)
  A leopard gecko (D:2)
  3 bats
  3 giant cockroaches
  4 goblins (D:1)
  6 hobgoblins
  2 jackals (D:2)
  A ball python (D:2)
  4 frilled lizards
  2 kobolds (D:2)
  5 rats (D:2)
35 creatures vanquished.

Notes
Turn   | Place    | Note
-------+----------+-------------------------------------------
     0 | Abyss:1  | Gargoyl the Ghoul Abyssal Knight began the quest for the Orb.
     0 | Abyss:1  | Reached XP level 1. HP: 19/19 MP: 1/1
    46 | Abyss:2  | Noticed a large abomination
    54 | D:1      | Escaped the Abyss
   503 | D:1      | Reached XP level 2. HP: 24/26 MP: 2/2
   572 | D:1      | Reached * piety under Lugonu
   860 | D:2      | Reached XP level 3. HP: 30/31 MP: 3/3
  1047 | D:2      | Reached skill level 1 in Dodging
  1129 | D:2      | You fall through a shaft for 2 floors!
  1129 | D:4      | Noticed an ogre
  1141 | D:4      | HP: 1/31 [ogre/giant spiked club (23)]
  1142 | D:4      | Demolished by an ogre

Skill      XL: |  1  2  3 |
---------------+----------+-----
Armour         | 2 |  2.5
Axes           | 2 |  2.5
Dodging        | 1 |  1.0
Fighting       | |  3.5
Invocations    | |  2.5

Action                   || total
-------------------------++-------
Melee: Hand axe          ||   178
Invok: Depart the Abyss  ||     1
  Use: Scroll            ||     2
       Potion            ||     1
  Eat: Chunk             ||    22
Armor: Plate armour      ||   145
Dodge: Dodged            ||    41
